 Dungeon Crawl Stone Soup version 0.31.0-11-ge490571c62 (webtiles) character file.

Game seed: 319409587336555853

4725 qw the Markself (level 10, -6/56 HPs)
             Began as a Deep Elf Hunter on Feb 4, 2024.
             Was a Believer of Okawaru.
             Mangled by a death yak (21 damage)
             ... on level 1 of the Lair of Beasts.
             The game lasted 00:00:40 (7736 turns).

qw the Markself (Deep Elf Hunter)                   Turns: 7736, Time: 00:00:42

Health: -6/56      AC:  8    Str: 12    XL:     10   Next: 22%
Magic:  13/14      EV: 25    Int: 15    God:    Okawaru [**....]
Gold:   536        SH:  0    Dex: 24    Spells: 9/9 levels left

rFire   . . .        i - +0 orcbow
rCold   . . .        (shield currently unavailable)
rNeg    . . .        j - +0 ring mail
rPois   .            (no helmet)
rElec   .            (no cloak)
rCorr   .            (no gloves)
SInv    .            q - +1 pair of boots
Will    +....        (no amulet)
Stlth   +++          n - +5 ring of evasion
HPRegen 0.29/turn    p - +6 ring of dexterity
MPRegen 0.14/turn

%: no passive effects
@: about to teleport, heroic, hasted, very quick
A: no striking features
a: Renounce Religion, Heroism


You were on level 1 of the Lair of Beasts.
You worshipped Okawaru.
Okawaru was pleased with you.
You visited 3 branches of the dungeon, and saw 10 of its levels.
You also visited: Ossuary.

You collected 536 gold pieces.


   Skills:
 - Level 4.0(9.0) Fighting
 - Level 16.2(21.2) Ranged Weapons
 + Level 1.8(6.8) Armour
 - Level 8.0(13.0) Dodging
 - Level 1.2(6.2) Stealth
 + Level 3.6 Invocations


You had 9 spell levels left.
You didn't know any spells.
Your spell library was empty.

Inventory:

Hand Weapons
 i - a +0 orcbow (weapon)
Armour
 j - a +0 ring mail (worn)
 q - a +1 pair of boots (worn)
Jewellery
 e - an amulet of magic regeneration
 n - a +5 ring of evasion (left hand)
 p - a +6 ring of dexterity (right hand)
 s - a ring of fire
Wands
 d - a wand of digging (12)
 f - a wand of polymorph (12)
 l - a wand of paralysis (5)
 m - a wand of iceblast (2)
Scrolls
 g - 3 scrolls of teleportation
Potions
 a - a potion of curing {unknown}
 b - a potion of might
 c - a potion of haste
 h - a potion of enlightenment
 o - 2 potions of cancellation

Dungeon Overview and Level Annotations

Branches:
Dungeon (8/15)             Temple (1/1) D:6            Lair (1/5) D:8
Ossuary (visited)

Altars:
Ashenzari
Cheibriados
Elyvilon
Fedhas
Gozag
Hepliaklqana
Makhleb
Nemelex Xobeh
Okawaru
Trog
Uskayaw
Vehumet
Wu Jian
Xom
Yredelemnul
Zin
The Shining One

Annotations:
D:4 2 runed translucent doors, qw's ghost, amateur SpHu


Message History

You hear a bellow! x2
You shoot an arrow. The arrow barely misses the death yak.
The death yak completely misses you.
You shoot an arrow. The arrow hits the death yak!
The death yak is lightly wounded.
You hear a bellow!
You shoot an arrow. The arrow barely misses the death yak.
The death yak misses you.
You shoot an arrow.
The arrow hits the death yak but does no damage.
The death yak is lightly wounded.
The death yak barely misses you.
You shoot an arrow. The arrow hits the death yak!
The death yak is moderately wounded.
You shoot an arrow. The arrow barely misses the death yak.
The death yak gores you.
A death yak comes into view.
7730 ||| READING 4 scrolls of teleportation.
As you read the scroll of teleportation, it crumbles to dust.
You feel strangely unstable.
You shoot an arrow. The arrow hits the death yak!
The death yak is moderately wounded.
You hear an angry hiss.
A water moccasin comes into view.
You shoot an arrow. The arrow barely misses the death yak.
You shoot an arrow. The arrow barely misses the death yak.
A death yak comes into view.
The death yak completely misses you. The death yak misses you.
You shoot an arrow. The arrow hits the death yak!
The death yak is heavily wounded.
You shoot an arrow.
The arrow hits the death yak but does no damage.
The death yak is heavily wounded.
The death yak barely misses you. x2
You shoot an arrow.
The arrow hits the death yak but does no damage.
The death yak is heavily wounded.
The water moccasin closely misses you. The death yak completely misses you.
The death yak gores you!!
You die...

#. #......# # #.#
#.....## # #.P ####
#.....#
#.P#####..####.....#
##..................#
#...................#
#.....#####...Y.....P#
##....# #..YY........
#.....## #.#@#.........
##.....####.S##.........
#.........#..###........
77....#~..#.## .......
7~~~P~~~~....## ...
~~~~~~PP~......##.....
~~~~~P~~~P..#.........
~~~~~~P~~~..#...(.....
~~~~~~P~........(.....


You could see 3 death yaks and a water moccasin.

Vanquished Creatures
  A two-headed ogre (D:8)
  A cane toad (Lair:1)
  2 wyverns
  A steam dragon (D:5)
  3 water moccasins
  A sky beast (D:5)
  2 black bears
  3 wolves (Lair:1)
  3 ogres
  2 centaurs
  2 bullfrogs
  A gnoll sergeant (D:7)
  13 scorpions
  3 howler monkeys (D:7)
  2 bombardier beetles
  4 centaur zombies (Ossuary)
  A human zombie (Ossuary)
  A jelly (D:8)
  4 hounds
  A gnoll bouda (D:7)
  An iguana (D:7)
  2 sleepcaps (D:7)
  3 scorpion zombies (Ossuary)
  7 orc wizards
  3 mummies (Ossuary)
  14 gnolls (D:7)
  10 adders
  A white imp (D:5)
  4 adder zombies (Ossuary)
  A ribbon worm (D:4)
  A dart slug (D:1)
  22 orcs
  10 endoplasms
  4 giant cockroaches
  4 gnoll zombies (Ossuary)
  5 goblins
  7 hobgoblins
  6 jackals (D:1)
  6 quokkas
  5 ball pythons
  A ball python zombie (Ossuary)
  4 bats
  6 frilled lizards
  9 kobolds
  2 orc zombies (Ossuary)
  13 rats
202 creatures vanquished.

Notes
Turn   | Place    | Note
-------+----------+-------------------------------------------
     0 | D:1      | qw the Deep Elf Hunter began the quest for the Orb.
     0 | D:1      | Reached XP level 1. HP: 12/12 MP: 3/3
     0 | D:1      | 0 ||| qw: Version: 0.3-a-160-g6735b56
     0 | D:1      | 0 ||| qw: Game counter: 5421
     0 | D:1      | 0 ||| qw: Melee chars always use a shield: true
     0 | D:1      | 0 ||| qw: God list: Okawaru
     0 | D:1      | 0 ||| qw: Allow faded altars: false
     0 | D:1      | 0 ||| qw: Do Orc after clearing Dungeon:15 true
     0 | D:1      | 0 ||| qw: Do second Lair branch before Depths: true
     0 | D:1      | 0 ||| qw: Lair rune preference: random
     0 | D:1      | 0 ||| qw: Goals: Normal
     0 | D:1      | 0 ||| PLANNING D:1-11
    75 | D:1      | Reached XP level 2. HP: 13/16 MP: 4/4
   101 | D:1      | Reached skill level 6 in Ranged Weapons
   362 | D:1      | Reached XP level 3. HP: 20/20 MP: 5/5
   618 | D:1      | 618 ||| UPGRADING to ring of poison resistance.
   619 | D:1      | 619 ||| READING scroll labelled SUDOQO AXEMIA.
   622 | D:1      | 622 ||| READING scroll labelled BOGAUL CIFENOU.
   658 | D:1      | 658 ||| READING scroll labelled MAEJIO OQEGOS.
   659 | D:1      | 659 ||| DROPPING scroll of butterflies.
   854 | D:2      | Reached skill level 7 in Ranged Weapons
  1092 | D:2      | Reached XP level 4. HP: 25/25 MP: 6/6
  1416 | D:2      | Found a shimmering altar of Xom.
  1623 | D:2      | 1623 ||| UPGRADING to +0 scale mail.
  1633 | D:2      | 1633 ||| DROPPING +0 leather armour.
  1634 | D:2      | 1634 ||| READING scroll labelled MUGAGH LAONNAV.
  1634 | D:2      | 1634 ||| ENCHANTING +0 shortbow.
  1678 | D:3      | 1678 ||| PLANNING SEWER
  1753 | D:3      | Reached skill level 8 in Ranged Weapons
  2004 | D:3      | Reached XP level 5. HP: 22/29 MP: 7/7
  2392 | D:3      | 2392 ||| RIP SEWER
  2393 | D:3      | 2393 ||| PLANNING D:1-11
  2448 | D:3      | 2448 ||| READING scroll labelled MOKHLU UKUOD.
  2449 | D:3      | 2449 ||| DRINKING 3 sapphire potions.
  2450 | D:3      | 2450 ||| DROPPING 2 potions of attraction.
  2564 | D:4      | Noticed an ogre
  2565 | D:4      | 2565 ||| ZAPPING wand of paralysis (6) at 6,-3 (ogre;
                  | floor).
  2566 | D:4      | 2566 ||| ZAPPING wand of iceblast (5) at 4,-2 (floor).
  2567 | D:4      | 2567 ||| ZAPPING wand of iceblast (4) at 3,-2 (floor).
  2568 | D:4      | 2568 ||| ZAPPING wand of iceblast (3) at 3,-2 (ogre;
                  | floor).
  2568 | D:4      | Killed an ogre
  2569 | D:4      | Reached skill level 9 in Ranged Weapons
  2582 | D:4      | Reached XP level 6. HP: 21/35 MP: 8/8
  2584 | D:4      | 2584 ||| FLEEEEING.
  2585 | D:4      | 2585 ||| FLEEEEING.
  2715 | D:4      | Found a broken altar of Ashenzari.
  2858 | D:4      | Found a runed translucent door.
  2859 | D:4      | Noticed qw's ghost (amateur SpHu)
  2996 | D:4      | Found a runed translucent door.
  3042 | D:4      | 3042 ||| UPGRADING to +0 ring mail.
  3052 | D:4      | 3052 ||| DROPPING +0 scale mail.
  3053 | D:4      | 3053 ||| UPGRADING to +0 pair of boots.
  3058 | D:4      | 3058 ||| READING scroll of enchant armour.
  3058 | D:4      | 3058 ||| ENCHANTING +0 pair of boots.
  3059 | D:4      | 3059 ||| DROPPING +6 ring of intelligence.
  3060 | D:4      | 3060 ||| UPGRADING to +6 ring of dexterity.
  3061 | D:4      | 3061 ||| READING scroll labelled BOFATW DINNOUS.
  3061 | D:4      | 3061 ||| IDENTIFYING green potion
  3062 | D:4      | 3062 ||| DRINKING 3 lumpy yellow potions.
  3074 | D:5      | Entered Level 5 of the Dungeon
  3075 | D:5      | 3075 ||| PLANNING OSSUARY
  3092 | D:5      | Reached skill level 3 in Dodging
  3266 | D:5      | Found a sand-covered staircase.
  3267 | D:5      | 3267 ||| READING scroll labelled XAPHYRCH PIHAS.
  3268 | D:5      | 3268 ||| READING scroll labelled GUYRIFEIQI.
  3378 | Ossuary  | Entered an ossuary
  3396 | Ossuary  | Reached skill level 10 in Ranged Weapons
  3400 | Ossuary  | Reached skill level 1 in Armour
  3538 | Ossuary  | Reached XP level 7. HP: 34/40 MP: 9/9
  3695 | Ossuary  | Reached skill level 11 in Ranged Weapons
  3700 | Ossuary  | 3700 ||| RETREEEEATING.
  3829 | Ossuary  | HP: 10/40 [poisoned by a scorpion]
  3830 | Ossuary  | 3830 ||| READING 5 scrolls of teleportation.
  3831 | Ossuary  | 3831 ||| DRINKING potion of heal wounds.
  3854 | Ossuary  | HP: 10/40 [scorpion zombie (4)]
  3855 | Ossuary  | 3855 ||| READING 4 scrolls of teleportation.
  3857 | Ossuary  | HP: 1/40 [scorpion zombie (5)]
  3948 | Ossuary  | Reached skill level 12 in Ranged Weapons
  4012 | Ossuary  | 4012 ||| READING 3 scrolls of identify.
  4012 | Ossuary  | 4012 ||| IDENTIFYING grey potion
  4013 | Ossuary  | 4013 ||| READING 2 scrolls of identify.
  4013 | Ossuary  | 4013 ||| IDENTIFYING 2 brown potions
  4014 | Ossuary  | 4014 ||| DROPPING potion of magic.
  4036 | Ossuary  | Reached XP level 8. HP: 45/45 MP: 10/10
  4086 | Ossuary  | Reached skill level 3 in Fighting
  4119 | Ossuary  | 4119 ||| READING 2 scrolls of identify.
  4119 | Ossuary  | 4119 ||| IDENTIFYING fuming emerald potion
  4120 | Ossuary  | 4120 ||| READING scroll of identify.
  4120 | Ossuary  | 4120 ||| IDENTIFYING smoky puce potion
  4121 | Ossuary  | 4121 ||| READING 2 scrolls labelled LAGHUYFIASCH.
  4121 | Ossuary  | 4121 ||| ENCHANTING +0 shortbow.
  4122 | Ossuary  | 4122 ||| READING scroll of enchant weapon.
  4122 | Ossuary  | 4122 ||| ENCHANTING +1 shortbow.
  4123 | Ossuary  | 4123 ||| READING scroll labelled CYPNIA OXUNEW.
  4123 | Ossuary  | 4123 ||| BRANDING +2 shortbow.
  4124 | Ossuary  | 4124 ||| DROPPING potion of lignification.
  4178 | D:5      | 4178 ||| PLANNING D:1-11
  4435 | D:5      | 4435 ||| Stepping ~*~*~tactically~*~*~ (cloud).
  4440 | D:5      | Reached skill level 13 in Ranged Weapons
  4756 | D:6      | 4756 ||| STAIRDANCE
  4936 | D:6      | Reached skill level 14 in Ranged Weapons
  5154 | D:6      | 5154 ||| RETREEEEATING.
  5155 | D:6      | 5155 ||| RETREEEEATING.
  5156 | D:6      | 5156 ||| RETREEEEATING.
  5157 | D:6      | 5157 ||| RETREEEEATING.
  5158 | D:6      | 5158 ||| RETREEEEATING.
  5159 | D:6      | 5159 ||| RETREEEEATING.
  5160 | D:6      | 5160 ||| RETREEEEATING.
  5162 | D:6      | 5162 ||| RETREEEEATING.
  5165 | D:6      | Reached skill level 6 in Dodging
  5165 | D:6      | Reached XP level 9. HP: 50/50 MP: 11/11
  5242 | D:6      | Found a staircase to the Ecumenical Temple.
  5243 | D:6      | 5243 ||| PLANNING TEMPLE
  5249 | Temple   | Entered the Ecumenical Temple
  5250 | Temple   | 5250 ||| PLANNING OKAWARU WORSHIP
  5287 | Temple   | Became a worshipper of Warmaster Okawaru
  5288 | Temple   | 5288 ||| PLANNING D:1-11
  5670 | D:7      | 5670 ||| SWAPPING to +0 orcbow.
  5671 | D:7      | 5671 ||| DROPPING +2 shortbow of draining.
  5823 | D:7      | 5823 ||| RETREEEEATING.
  5824 | D:7      | 5824 ||| RETREEEEATING.
  5827 | D:7      | 5827 ||| RETREEEEATING.
  6051 | D:7      | Reached skill level 15 in Ranged Weapons
  6800 | D:7      | 6800 ||| DROPPING ring of resist corrosion.
  6801 | D:7      | 6801 ||| UPGRADING to +5 ring of evasion.
  6803 | D:7      | 6803 ||| DROPPING ring of poison resistance.
  6804 | D:7      | 6804 ||| READING 2 scrolls of identify.
  6804 | D:7      | 6804 ||| IDENTIFYING scroll labelled FONAIMM VUFUQ
  6805 | D:7      | 6805 ||| READING scroll of identify.
  6805 | D:7      | 6805 ||| IDENTIFYING scroll labelled XAGRUKL FYDO
  6806 | D:7      | 6806 ||| DROPPING scroll of amnesia.
  6807 | D:7      | 6807 ||| DROPPING scroll of fog.
  6959 | D:8      | Noticed a two-headed ogre
  6960 | D:8      | 6960 ||| DRINKING 4 potions of haste.
  6969 | D:8      | HP: 13/52 [two-headed ogre/+0 giant club (10)]
  6970 | D:8      | 6970 ||| READING 4 scrolls of teleportation.
  6972 | D:8      | Killed a two-headed ogre
  6972 | D:8      | Reached * piety under Okawaru
  6972 | D:8      | Reached ** piety under Okawaru
  6973 | D:8      | Reached skill level 16 in Ranged Weapons
  7147 | D:8      | Reached skill level 1 in Invocations
  7248 | D:8      | Found a flagged portal.
  7264 | D:8      | Reached XP level 10. HP: 44/56 MP: 13/13
  7480 | D:8      | Found a staircase to the Lair.
  7499 | D:8      | Found an opulent altar of Gozag.
  7500 | D:8      | Found an opulent altar of Gozag.
  7500 | D:8      | Found an opulent altar of Gozag.
  7523 | D:8      | Found an opulent altar of Gozag.
  7539 | D:8      | 7539 ||| PLANNING LAIR
  7539 | D:8      | 7539 ||| DRINKING 2 orange potions.
  7565 | Lair:1   | Entered Level 1 of the Lair of Beasts
  7580 | Lair:1   | Noticed a cane toad
  7581 | Lair:1   | 7581 ||| INVOKING Heroism.
  7582 | Lair:1   | 7582 ||| DRINKING 3 potions of haste.
  7586 | Lair:1   | Killed a cane toad
  7628 | Lair:1   | Reached skill level 3 in Invocations
  7696 | Lair:1   | 7696 ||| RETREEEEATING.
  7697 | Lair:1   | 7697 ||| RETREEEEATING.
  7699 | Lair:1   | 7699 ||| RETREEEEATING.
  7700 | Lair:1   | 7700 ||| RETREEEEATING.
  7702 | Lair:1   | 7702 ||| RETREEEEATING.
  7703 | Lair:1   | 7703 ||| RETREEEEATING.
  7720 | Lair:1   | Noticed a death yak
  7721 | Lair:1   | 7721 ||| INVOKING Heroism.
  7722 | Lair:1   | 7722 ||| DRINKING 2 potions of haste.
  7729 | Lair:1   | HP: 14/56 [death yak (5)]
  7729 | Lair:1   | Noticed a death yak
  7730 | Lair:1   | 7730 ||| READING 4 scrolls of teleportation.
  7733 | Lair:1   | Noticed a death yak
  7736 | Lair:1   | Mangled by a death yak

Levels and vault maps discovered:
D:1:      wander_arrival_estate, layout_basic
D:2:      layout_loops_corners, basic_altar, minmay_crystal_water,
          chequers_serial_rivers_micro_c, minmay_quadrilaterals
D:3:      layout_loops_ring, gup_sewer_entry_bubbles, minmay_distorted
D:4:      layout_gridville, mainiacjoe_overflow_concentric_impassable,
          ebering_ghost_sewer_f, minivault_24
D:5:      minmay_spotlight, layout_gridville, enter_ossuary_1
D:6:      layout_basic, minmay_temple_entry_junction_2
D:7:      layout_layer_cave
D:8:      layout_rooms, nicolae_gozag_conspicuous_consumption, lair_entry_dummy,
          enter_bailey_2
Temple:   regret_index_temple_generic_petals
Lair:1:   layout_chaotic_city, chequers_serial_rivers_room_a,
          serial_bayou_shore_a

Skill      XL: |  1  2  3  4  5  6  7  8  9 10 |
---------------+-------------------------------+-----
Ranged Weapons | 6 7 8 9 10 12 14 16 | 16.2
Fighting       | 2 3 4 |  4.0
Dodging        | 4 6 7 8 |  8.0
Armour         | 1 |  1.8
Invocations    | 1 3 |  3.6
Stealth        | |  1.2

Action                     |  1- 3 |  4- 6 |  7- 9 | 10-12 || total
---------------------------+-------+-------+-------+-------++-------
   Fire: Shortbow          |   102 |   210 |   244 |       ||   556
         Orcbow            |       |       |   139 |    49 ||   188
 Invoke: Heroism           |       |       |       |     2 ||     2
  Evoke: Wand              |       |     4 |       |       ||     4
    Use: Scroll            |     3 |     6 |    12 |     1 ||    22
         Potion            |       |     2 |     2 |     3 ||     7
 Armour: Leather armour    |    11 |     2 |       |       ||    13
         Scale mail        |       |    35 |       |       ||    35
         Ring mail         |       |    25 |   124 |    10 ||   159
  Dodge: Dodged            |    12 |    58 |   129 |    32 ||   231

Table legend:
 A = Non-vault XP
 B = Vault XP
 C = Vault XP percentage of total XP
 D = Non-vault monster count
 E = Vault monster count
 F = Vault count percentage of total count
                 A         B        C        D         E       F
            +---------+---------+-------+---------+---------+-------
      Total |    5493 |    1258 |  18.6 |     155 |      47 |  23.3
            +---------+---------+-------+---------+---------+-------
        D:1 |      50 |       0 |   0.0 |      31 |       0 |   0.0
        D:2 |      83 |      10 |  10.8 |      15 |       6 |  28.6
        D:3 |      87 |      12 |  12.1 |      23 |       8 |  25.8
        D:4 |     171 |       0 |   0.0 |       6 |       0 |   0.0
        D:5 |     787 |     169 |  17.7 |      13 |       3 |  18.8
        D:6 |     799 |       0 |   0.0 |      25 |       0 |   0.0
        D:7 |     887 |       0 |   0.0 |      25 |       0 |   0.0
        D:8 |    1530 |       0 |   0.0 |      11 |       0 |   0.0
     Lair:1 |    1099 |       0 |   0.0 |       6 |       0 |   0.0
    Ossuary |       0 |    1067 | 100.0 |       0 |      30 | 100.0
            +---------+---------+-------+---------+---------+-------
